 Dungeon Crawl Stone Soup version 0.27-a0-1147-gb3d8e82157 (webtiles) character file.

Game seed: 5251155084534447419

464 leviel the Fighter (level 6, 0/63 HPs)
             Began as a Minotaur Fighter on May 11, 2021.
             Succumbed to an orc priest's poison
             ... on level 4 of the Dungeon.
             The game lasted 00:04:25 (2933 turns).

leviel the Fighter (Minotaur Fighter)               Turns: 2933, Time: 00:04:26

Health: 0/63       AC: 12    Str: 22    XL:     6   Next: 80%
Magic:  5/5        EV:  4    Int:  5    God:
Gold:   172        SH: 10    Dex: 16    Spells: 5/5 levels left

rFire    . . .     SeeInvis .   a - +0 war axe (flame)
rCold    . . .     Faith    .   c - +0 kite shield
rNeg     . . .     Spirit   .   j - +1 plate armour
rPois    .         Reflect  .   (helmet restricted)
rElec    .         Harm     .   (no cloak)
rCorr    .         Rampage  .   (no gloves)
Will     .....                  (no boots)
Stlth    ..........             (no amulet)
HPRegen  0.20/turn              b - ring of flight
MPRegen  0.09/turn              k - +6 ring of dexterity

@: lethally poisoned (0 -> -3), flying
A: horns 2, retaliatory headbutt
a: no special abilities


You were on level 4 of the Dungeon.
You visited 1 branch of the dungeon, and saw 4 of its levels.

You collected 172 gold pieces.

Inventory:

Hand Weapons
 a - a +0 war axe of flaming (weapon)
Armour
 c - a +0 kite shield (worn)
 j - a +1 plate armour (worn)
Jewellery
 b - a ring of flight (left hand)
 k - a +6 ring of dexterity (right hand)
 l - a ring of magical power
 p - a +4 ring of evasion
Wands
 n - a wand of iceblast (6)
Scrolls
 h - a scroll of blinking
 i - a scroll of teleportation
Potions
 d - a potion of might
 e - a potion of magic
 f - a potion of haste
 g - a potion of degeneration
 m - 2 potions of attraction


   Skills:
 + Level 9.3 Fighting
 - Level 2.4 Axes
 - Level 3.6 Armour
 - Level 3.6 Shields


You had 5 spell levels left.
You didn't know any spells.
Your spell library contained the following spells:

 Spells                   Type           Power      Damage    Failure   Level
 Sandblast                Erth           0%         2d4       100%        1
 Passwall                 Tmut/Erth      0%         N/A       100%        2
 Stone Arrow              Conj/Erth      0%         3d7       100%        3
 Petrify                  Tmut/Erth      0%         N/A       100%        4
 Lee's Rapid Deconstruct  Erth           0%         3d5*      100%        5


Dungeon Overview and Level Annotations

Branches:
Dungeon (4/15)             Temple (0/1) D:4

Altars:
Ashenzari
Cheibriados
The Shining One


Innate Abilities, Weirdness & Mutations

You have a pair of horns on your head.
You reflexively headbutt those who attack you in melee.


Message History

Pain shoots through your body! You block the orc priest's attack.
Your shield and plate armour prevent you from hitting the orc priest.
You headbutt the orc priest, but do no damage.
The orc priest is heavily wounded.
You feel very sick.
The orc priest mumbles some strange prayers to Beogh against you.
Pain shoots through your body!
The orc priest hits you but does no damage.
You are more poisoned.
You are too injured to fight recklessly!
You closely miss the orc priest.
The orc priest is heavily wounded.
You feel very sick.
The orc priest hits you with a +1 dagger of venom.
* * * LOW HITPOINT WARNING * * *
You are lethally poisoned!
You slash the orc priest! You burn the orc priest.
You kill the orc priest!
* * * LOW HITPOINT WARNING * * *
You feel very sick.
Okay, then.
Okay, then.
As you read the scroll of identify {@r1}, it crumbles to dust.
g - a potion of degeneration
* * * LOW HITPOINT WARNING * * *
You feel very sick.
Okay, then.
Unknown command.
There is a lethal amount of poison in your body!
There is a lethal amount of poison in your body!
There is a lethal amount of poison in your body!
* * * LOW HITPOINT WARNING * * *
You feel sick.
* * * LOW HITPOINT WARNING * * *
You feel sick.
* * * LOW HITPOINT WARNING * * *
You feel sick.
* * * LOW HITPOINT WARNING * * *
You feel sick.
You die...

###
##..........#.#.#.#..##.#
.##
##.########...#.#.#......#
#.###......##
##...#.#...#####
##.#.####...## #.........#
##.####.....###.#########
### #...>......#
#......#####
#######.#.......)#
..(.....########@#
######### #<))# #.....#
#....... #.....### ##...##
#####


There were no monsters in sight!

Vanquished Creatures
  Eustachio (D:4)
  A jelly (D:4)
  2 orc priests (D:4)
  Jessica (D:3)
  Ijyb (D:4)
  An orc wizard (D:4)
  A hound skeleton (D:3)
  A howler monkey skeleton (D:3)
  3 adders
  An adder skeleton (D:4)
  6 dart slugs
  9 orcs
  6 endoplasms
  5 giant cockroaches
  6 hobgoblins
  5 jackals (D:1)
  6 quokkas
  4 ball pythons
  7 bats
  5 frilled lizards
  5 goblins
  3 kobolds
  A quokka skeleton (D:4)
  15 rats
96 creatures vanquished.

Vanquished Creatures (others)
  9 plants (D:3)
9 creatures vanquished.

Grand Total: 105 creatures vanquished

Notes
Turn   | Place    | Note
-------+----------+-------------------------------------------
     0 | D:1      | leviel the Minotaur Fighter began the quest for the Orb.
     0 | D:1      | Reached XP level 1. HP: 19/19 MP: 0/0
    40 | D:1      | Reached skill level 4 in Fighting
    58 | D:1      | Reached XP level 2. HP: 25/28 MP: 1/1
   351 | D:1      | Reached skill level 5 in Fighting
   577 | D:1      | Reached XP level 3. HP: 36/36 MP: 2/2
   852 | D:1      | Found a faded altar of an unknown god.
  1482 | D:2      | Reached XP level 4. HP: 44/44 MP: 3/3
  1485 | D:2      | Reached skill level 6 in Fighting
  1662 | D:3      | Noticed Jessica
  1664 | D:3      | Killed Jessica
  2256 | D:3      | Reached skill level 7 in Fighting
  2256 | D:3      | Reached XP level 5. HP: 52/52 MP: 4/4
  2324 | D:4      | Noticed Eustachio
  2346 | D:4      | Killed Eustachio
  2347 | D:4      | Reached skill level 8 in Fighting
  2347 | D:4      | Reached XP level 6. HP: 27/62 MP: 5/5
  2522 | D:4      | Found a snail-covered altar of Cheibriados.
  2526 | D:4      | Found a broken altar of Ashenzari.
  2528 | D:4      | Found a glowing golden altar of the Shining One.
  2625 | D:4      | Noticed Ijyb
  2632 | D:4      | Killed Ijyb
  2770 | D:4      | Reached skill level 9 in Fighting
  2846 | D:4      | Found a staircase to the Ecumenical Temple.
  2931 | D:4      | HP: 2/63 [poisoned by an orc priest]
  2933 | D:4      | Succumbed to an orc priest's poison

Illustrated notes

Levels and vault maps discovered:
D:1:      saegor_arrival_miasma, layout_loops_corners,
          hellmonk_ecumenical_altar_inner_sanctum, minmay_tall_x
D:2:      layout_rooms, minmay_rat_gold_closets
D:3:      layout_loops_cross, serial_bayou_pond_a,
          minmay_fractal_squares_gapless_5, uniq_jessica
D:4:      layout_loops_ring, grunt_temple_overflow_open,
          minmay_temple_entry_grid, hangedman_minor_gate_pass, uniq_eustachio,
          uniq_ijyb

Skill      XL: |  1  2  3  4  5  6 |
---------------+-------------------+-----
Fighting       | 4 5 7 8 9 |  9.3
Axes           | |  2.4
Armour         | |  3.6
Shields        | |  3.6

Action                   |  1- 3 |  4- 6 || total
-------------------------+-------+-------++-------
Melee: War axe           |    96 |   105 ||   201
       Headbutt          |    12 |    24 ||    36
  Use: Scroll            |       |     9 ||     9
Armor: Scale mail        |    54 |     5 ||    59
       Plate armour      |       |    68 ||    68
Dodge: Dodged            |    54 |    26 ||    80
Block: Kite shield       |    64 |    62 ||   126

Table legend: (Time is in decaauts)
 A = Elapsed time spent in this place.
 B = Non-inter-level travel time spent in this place.
 C = Inter-level travel time spent in this place.
 D = Time resting spent in this place.
 E = Time spent auto-exploring this place.
 F = Levels seen in this place.
 G = Mean time per level.
                   A        B        C        D        E       F      G
               +--------+--------+--------+--------+--------+-----+--------+
         Total |   3054 |   2975 |     79 |    169 |   2262 |   4 |  763.5 |
       Dungeon |   3054 |   2975 |     79 |    169 |   2262 |   4 |  763.5 |
               +--------+--------+--------+--------+--------+-----+--------+

Top non-repeatable levels by time:
     D:1: 1040 daAuts
     D:3: 739 daAuts
     D:4: 644 daAuts
     D:2: 631 daAuts
